TOP OF THE 1ST |
Calgary Lynx batting - Pitching for Salt Lake City Buzz : RHP James Ellison
|
Pitching: RHP James Ellison
|
|
Batting: RHB Sumitomo Shimizu
|
0-0: Swinging Strike 0-1: Ball 1-1: Fly out, F9 (Flyball, 89S, EV 81.9 MPH)
|
Batting: RHB Pedro Palgon
|
0-0: Swinging Strike 0-1: Ball 1-1: Called Strike 1-2: Foul Ball, location: 2F 1-2: SINGLE (Groundball, 56D, EV 105.0 MPH)
|
Batting: LHB Luzvimindo Layug
|
0-0: Foul Ball, location: 2F 0-1: Foul Ball, location: 2F 0-2: Ball 1-2: Ball 2-2: Ball 3-2: Base on Balls Pedro Palgon to second
|
Batting: LHB Joaquín Díaz
|
0-0: Foul Ball, location: 2F 0-1: Foul Ball, location: 2F 0-2: Strikes out swinging
|
Batting: SHB Brian Boyd
|
0-0: Ball 1-0: Ball 2-0: Foul Ball, location: 2F 2-1: Ball 3-1: Foul Ball, location: 2F 3-2: Base on Balls Pedro Palgon to third Luzvimindo Layug to second
|
Batting: RHB Martin Mullinger
|
0-0: GRAND SLAM HOME RUN (Flyball, 7D, EV 100.6 MPH), Distance : 399 ft
|
Batting: RHB Rodrigo Sánchez
|
0-0: Ball 1-0: Fly out, F9 (Line Drive, 9S, EV 91.9 MPH)
|
Top of the 1st over - 4 runs, 2 hits, 0 errors, 0 left on base; Calgary 4 - Salt Lake City 0 |
BOTTOM OF THE 1ST |
Salt Lake City Buzz batting - Pitching for Calgary Lynx : RHP Patrick Davis
|
Pitching: RHP Patrick Davis
|
|
Batting: RHB Kevin Sanders
|
0-0: Called Strike 0-1: Foul Ball, location: 2F 0-2: Ball 1-2: SINGLE (Flyball, 9, EV 75.0 MPH)
|
Batting: LHB James Carroll
|
0-0: Ball 1-0: Ball 2-0: Ball 3-0: Base on Balls Kevin Sanders to second
|
Batting: LHB Braxton Cottongame
|
0-0: Ball 1-0: Called Strike 1-1: Called Strike 1-2: DOUBLE (Line Drive, 7LM, EV 95.0 MPH) Kevin Sanders scores James Carroll to third Runner from 3rd tries for Home, SAFE, no throw by LF
|
Batting: LHB Tony Parra
|
0-0: Ball 1-0: Called Strike 1-1: Ball 2-1: Foul Ball, location: 2F 2-2: Foul Ball, location: 2F 2-2: Ball 3-2: Foul Ball, location: 2F 3-2: 2-RUN HOME RUN (Flyball, 8LXD, EV 115.6 MPH), Distance : 455 ft
|
Batting: LHB Taroemon Nishii
|
0-0: SOLO HOME RUN (Flyball, 89XD, EV 116.2 MPH), Distance : 443 ft
|
Batting: RHB Iván Monterrey
|
0-0: Ball 1-0: Called Strike 1-1: Fly out, F9 (Line Drive, 9, EV 89.4 MPH)
|
Batting: SHB Anthony Potter
|
0-0: Ball 1-0: Ball 2-0: Foul Ball, location: 2F 2-1: Ball 3-1: Foul Ball, location: 2F 3-2: Foul Ball, location: 2F 3-2: Base on Balls
|
Batting: RHB Mariano Cabral
|
0-0: Foul Ball, location: 2F 0-1: Ball 1-1: Reached on error, E5 (Groundball, 5, EV 85.6 MPH) Anthony Potter to second
|
Batting: RHB Jay-man Yu
|
0-0: Called Strike 0-1: Fly out, F7 (Flyball, 78D, EV 90.6 MPH)
|
Batting: RHB Kevin Sanders
|
0-0: Called Strike 0-1: Ball 1-1: Ball 2-1: Swinging Strike 2-2: Fielders Choice at 2nd, U4 (Groundball, 4M, EV 86.2 MPH)
|
Bottom of the 1st over - 5 runs, 4 hits, 1 error, 2 left on base; Calgary 4 - Salt Lake City 5 |
TOP OF THE 2ND |
Calgary Lynx batting - Pitching for Salt Lake City Buzz : RHP James Ellison
|
Batting: RHB Claude Berry
|
0-0: Called Strike 0-1: Fly out, F7 (Flyball, 7LD, EV 84.4 MPH)
|
Batting: RHB Alfredo Bermúdes
|
0-0: Called Strike 0-1: Called Strike 0-2: Strikes out looking
|
Batting: RHB Sumitomo Shimizu
|
0-0: Ball 1-0: Called Strike 1-1: Fly out, F3 (Popup, 23F, EV 85.0 MPH)
|
Top of the 2nd over - 0 runs, 0 hits, 0 errors, 0 left on base; Calgary 4 - Salt Lake City 5 |
BOTTOM OF THE 2ND |
Salt Lake City Buzz batting - Pitching for Calgary Lynx : RHP Patrick Davis
|
Batting: LHB James Carroll
|
0-0: Ball 1-0: Called Strike 1-1: Ball 2-1: Fly out, F9 (Line Drive, 89M, EV 105.6 MPH)
|
Batting: LHB Braxton Cottongame
|
0-0: Ball 1-0: Ball 2-0: Fly out, F7 (Flyball, 78M, EV 88.8 MPH)
|
Batting: LHB Tony Parra
|
0-0: Ball 1-0: Foul Ball, location: 2F 1-1: Ball 2-1: Fly out, F9 (Flyball, 89XD, EV 101.9 MPH)
|
Bottom of the 2nd over - 0 runs, 0 hits, 0 errors, 0 left on base; Calgary 4 - Salt Lake City 5 |
TOP OF THE 3RD |
Calgary Lynx batting - Pitching for Salt Lake City Buzz : RHP James Ellison
|
Batting: RHB Pedro Palgon
|
0-0: Ball 1-0: DOUBLE (Flyball, 89XD, EV 100.6 MPH)
|
Batting: LHB Luzvimindo Layug
|
0-0: Ball 1-0: Fly out, F9 (Flyball, 89S, EV 89.4 MPH)
|
Batting: LHB Joaquín Díaz
|
0-0: Called Strike 0-1: Ball 1-1: Fly out, F8 (Flyball, 89M, EV 96.9 MPH)
|
Batting: SHB Brian Boyd
|
0-0: Called Strike 0-1: Foul Ball, location: 2F 0-2: Ball 1-2: Foul Ball, location: 2F 1-2: Foul Ball, location: 2F 1-2: Ball 2-2: Fly out, F9 (Flyball, 89D, EV 101.9 MPH)
|
Top of the 3rd over - 0 runs, 1 hit, 0 errors, 1 left on base; Calgary 4 - Salt Lake City 5 |
BOTTOM OF THE 3RD |
Salt Lake City Buzz batting - Pitching for Calgary Lynx : RHP Patrick Davis
|
Batting: LHB Taroemon Nishii
|
0-0: Ground out 4-3 (Groundball, 34, EV 86.2 MPH)
|
Batting: RHB Iván Monterrey
|
0-0: Called Strike 0-1: Ball 1-1: Ball 2-1: Foul Ball, location: 2F 2-2: Strikes out swinging
|
Batting: SHB Anthony Potter
|
0-0: Ball 1-0: Called Strike 1-1: Ball 2-1: Ball 3-1: Called Strike 3-2: Foul Ball, location: 2F 3-2: Fly out, F9 (Flyball, 9LS, EV 85.0 MPH)
|
Bottom of the 3rd over - 0 runs, 0 hits, 0 errors, 0 left on base; Calgary 4 - Salt Lake City 5 |
TOP OF THE 4TH |
Calgary Lynx batting - Pitching for Salt Lake City Buzz : RHP James Ellison
|
Batting: RHB Martin Mullinger
|
0-0: Foul Ball, location: 2F 0-1: Hit by Pitch
|
Batting: RHB Rodrigo Sánchez
|
0-0: Ground out 5-3 (Groundball, 56S, EV 72.5 MPH) Martin Mullinger to second
|
Batting: RHB Claude Berry
|
0-0: Foul Ball, location: 2F 0-1: Ball 1-1: Called Strike 1-2: Fly out, F9 (Line Drive, 9, EV 95.6 MPH)
|
Batting: RHB Alfredo Bermúdes
|
0-0: Foul Ball, location: 2F 0-1: SINGLE (Flyball, 34D, EV 95.0 MPH) Martin Mullinger to third Runner from 3rd tries for Home, SAFE, throw by RF to home Alfredo Bermúdes to second
|
Pitching: RHP Manny Guerra
|
|
Batting: RHB Sumitomo Shimizu
|
0-0: Swinging Strike 0-1: Called Strike 0-2: Ground out 4-3 (Groundball, 4MD, EV 88.8 MPH)
|
Top of the 4th over - 1 run, 1 hit, 0 errors, 1 left on base; Calgary 5 - Salt Lake City 5 |
BOTTOM OF THE 4TH |
Salt Lake City Buzz batting - Pitching for Calgary Lynx : RHP Patrick Davis
|
Batting: RHB Mariano Cabral
|
0-0: Ball 1-0: Called Strike 1-1: Ball 2-1: Foul Ball, location: 2F 2-2: Foul Ball, location: 2F 2-2: Ball 3-2: Foul Ball, location: 2F 3-2: Foul Ball, location: 2F 3-2: SINGLE (Groundball, 6D, EV 100.6 MPH)
|
Batting: RHB Jay-man Yu
|
0-0: Called Strike 0-1: Ball 1-1: Foul Ball, location: 2F 1-2: SINGLE (Line Drive, 89M, EV 96.9 MPH) Mariano Cabral to second
|
Batting: RHB Kevin Sanders
|
0-0: Ball 1-0: Ball 2-0: Ball 3-0: Base on Balls Mariano Cabral to third Jay-man Yu to second
|
Batting: LHB James Carroll
|
0-0: Foul Ball, location: 2F 0-1: Foul Ball, location: 2F 0-2: Ball 1-2: Ball 2-2: Ball 3-2: Foul Ball, location: 2F 3-2: Fly out, F9 (Line Drive, 89M, EV 100.0 MPH)
|
Batting: LHB Braxton Cottongame
|
0-0: Called Strike 0-1: Fly out, F8 (Line Drive, 8LD, EV 100.6 MPH) Runner from 3rd tags up, SCORES, throw by CF Jay-man Yu to third
|
Batting: LHB Tony Parra
|
0-0: Ball 1-0: Foul Ball, location: 2F 1-1: Foul Ball, location: 2F 1-2: 3-RUN HOME RUN (Flyball, 9LD, EV 91.2 MPH), Distance : 351 ft
|
Pitching: RHP Hyeong-ro Park
|
|
Batting: LHB Taroemon Nishii
|
0-0: Called Strike 0-1: Foul Ball, location: 2F 0-2: Foul Ball, location: 2F 0-2: Ball 1-2: Foul Ball, location: 2F 1-2: Strikes out swinging
|
Bottom of the 4th over - 4 runs, 3 hits, 0 errors, 0 left on base; Calgary 5 - Salt Lake City 9 |
TOP OF THE 5TH |
Calgary Lynx batting - Pitching for Salt Lake City Buzz : RHP Manny Guerra
|
Batting: RHB Pedro Palgon
|
0-0: Ball 1-0: Ball 2-0: Called Strike 2-1: Ground out 5-3 (Groundball, 25, EV 78.8 MPH)
|
Batting: LHB Luzvimindo Layug
|
0-0: Fly out, F7 (Flyball, 7, EV 92.5 MPH)
|
Batting: LHB Joaquín Díaz
|
0-0: Called Strike 0-1: Called Strike 0-2: Ground out 4-3 (Groundball, 34, EV 101.9 MPH)
|
Top of the 5th over - 0 runs, 0 hits, 0 errors, 0 left on base; Calgary 5 - Salt Lake City 9 |
BOTTOM OF THE 5TH |
Salt Lake City Buzz batting - Pitching for Calgary Lynx : RHP Hyeong-ro Park
|
Batting: RHB Iván Monterrey
|
0-0: Ground out U3 (Groundball, 3S, EV 65.6 MPH)
|
Batting: SHB Anthony Potter
|
0-0: Ball 1-0: Ball 2-0: Swinging Strike 2-1: SINGLE (Groundball, 5D, EV 105.0 MPH)
|
Batting: RHB Mariano Cabral
|
0-0: Ball 1-0: Called Strike 1-1: Grounds into double play, 4-6-3 (Groundball, 4, EV 92.5 MPH)
|
Bottom of the 5th over - 0 runs, 1 hit, 0 errors, 0 left on base; Calgary 5 - Salt Lake City 9 |
TOP OF THE 6TH |
Calgary Lynx batting - Pitching for Salt Lake City Buzz : RHP Manny Guerra
|
Batting: SHB Brian Boyd
|
0-0: Called Strike 0-1: Ball 1-1: Swinging Strike 1-2: Strikes out swinging
|
Batting: RHB Martin Mullinger
|
0-0: Called Strike 0-1: Ball 1-1: Called Strike 1-2: SINGLE (Line Drive, 8LS, EV 100.0 MPH)
|
Batting: RHB Rodrigo Sánchez
|
0-0: Called Strike 0-1: Grounds into double play, 4-6-3 (Groundball, 4, EV 80.6 MPH)
|
Top of the 6th over - 0 runs, 1 hit, 0 errors, 0 left on base; Calgary 5 - Salt Lake City 9 |
BOTTOM OF THE 6TH |
Salt Lake City Buzz batting - Pitching for Calgary Lynx : RHP Hyeong-ro Park
|
Batting: RHB Jay-man Yu
|
0-0: Swinging Strike 0-1: Ball 1-1: Swinging Strike 1-2: Strikes out swinging
|
Batting: RHB Kevin Sanders
|
0-0: Called Strike 0-1: Foul Ball, location: 2F 0-2: Foul Ball, location: 2F 0-2: Ball 1-2: Ball 2-2: Ball 3-2: Foul Ball, location: 2F 3-2: Base on Balls
|
Batting: LHB James Carroll
|
0-0: Ball 1-0: Foul Ball, location: 2F 1-1: Ball 2-1: Ball 3-1: Base on Balls Kevin Sanders to second
|
Batting: LHB Braxton Cottongame
|
0-0: Ball 1-0: Called Strike 1-1: Grounds into double play, 4-6-3 (Groundball, 4, EV 83.8 MPH)
|
Bottom of the 6th over - 0 runs, 0 hits, 0 errors, 1 left on base; Calgary 5 - Salt Lake City 9 |
TOP OF THE 7TH |
Calgary Lynx batting - Pitching for Salt Lake City Buzz : RHP Manny Guerra
|
Batting: RHB Claude Berry
|
0-0: Ground out 6-3 (Groundball, 6, EV 101.2 MPH)
|
Batting: RHB Alfredo Bermúdes
|
0-0: Called Strike 0-1: Foul Ball, location: 2F 0-2: Ball 1-2: Ball 2-2: Foul Ball, location: 2F 2-2: Foul Ball, location: 2F 2-2: Fly out, F8 (Flyball, 8LD, EV 90.6 MPH)
|
Batting: RHB Sumitomo Shimizu
|
0-0: Swinging Strike 0-1: Swinging Strike 0-2: Foul Ball, location: 2F 0-2: Ball 1-2: Foul Ball, location: 2F 1-2: Strikes out swinging
|
Top of the 7th over - 0 runs, 0 hits, 0 errors, 0 left on base; Calgary 5 - Salt Lake City 9 |
BOTTOM OF THE 7TH |
Salt Lake City Buzz batting - Pitching for Calgary Lynx : RHP Hyeong-ro Park
|
Batting: LHB Tony Parra
|
0-0: Fly out, F6 (Popup, 6, EV 58.8 MPH)
|
Batting: LHB Taroemon Nishii
|
0-0: Hit by Pitch
|
Batting: RHB Iván Monterrey
|
0-0: Ball 1-0: Grounds into double play, 5-4-3 (Groundball, 56, EV 98.8 MPH)
|
Bottom of the 7th over - 0 runs, 0 hits, 0 errors, 0 left on base; Calgary 5 - Salt Lake City 9 |
TOP OF THE 8TH |
Calgary Lynx batting - Pitching for Salt Lake City Buzz : RHP Manny Guerra
|
Batting: RHB Pedro Palgon
|
0-0: Ball 1-0: Ball 2-0: SOLO HOME RUN (Flyball, 78XD, EV 109.4 MPH), Distance : 445 ft
|
Batting: LHB Luzvimindo Layug
|
0-0: Swinging Strike 0-1: Foul Ball, location: 2F 0-2: Ball 1-2: Strikes out swinging
|
Batting: LHB Joaquín Díaz
|
0-0: Called Strike 0-1: Swinging Strike 0-2: Ball 1-2: Foul Ball, location: 2F 1-2: Strikes out looking
|
Batting: SHB Brian Boyd
|
0-0: Foul Ball, location: 2F 0-1: Ball 1-1: Ball 2-1: Swinging Strike 2-2: Ball 3-2: Base on Balls
|
Batting: RHB Martin Mullinger
|
0-0: Ball 1-0: Ground out 4-3 (Groundball, 4, EV 90.6 MPH)
|
Top of the 8th over - 1 run, 1 hit, 0 errors, 1 left on base; Calgary 6 - Salt Lake City 9 |
BOTTOM OF THE 8TH |
Salt Lake City Buzz batting - Pitching for Calgary Lynx : RHP Hyeong-ro Park
|
Pitching: RHP Ángel Enamorado
|
|
Batting: SHB Anthony Potter
|
0-0: SINGLE (Line Drive, 6M, EV 95.6 MPH)
|
Batting: RHB Mariano Cabral
|
0-0: Sac Bunt to 2L - play at first, batter OUT! 2-3 Anthony Potter to second
|
Batting: RHB Jay-man Yu
|
0-0: Ball 1-0: Ball 2-0: Called Strike 2-1: Foul Ball, location: 2F 2-2: Foul Ball, location: 2F 2-2: Strikes out swinging
|
Batting: RHB Kevin Sanders
|
0-0: Ball 1-0: Ball 2-0: Ground out 5-3 (Groundball, 5, EV 86.2 MPH)
|
Bottom of the 8th over - 0 runs, 1 hit, 0 errors, 1 left on base; Calgary 6 - Salt Lake City 9 |
TOP OF THE 9TH |
Calgary Lynx batting - Pitching for Salt Lake City Buzz : RHP Manny Guerra
|
Pitching: RHP Martín Cedeño
|
|
Batting: RHB Rodrigo Sánchez
|
0-0: Called Strike 0-1: Ball 1-1: DOUBLE (Line Drive, 8RXD, EV 102.5 MPH)
|
Batting: RHB Claude Berry
|
0-0: Ground out 5-3 (Groundball, 56S, EV 90.0 MPH)
|
Pinch Hitting: LHB Van Curtis
|
0-0: Ball 1-0: Ball 2-0: Fly out, F9 (Flyball, 9S, EV 90.6 MPH)
|
Batting: RHB Sumitomo Shimizu
|
0-0: Ball 1-0: Ball 2-0: Swinging Strike 2-1: Called Strike 2-2: Foul Ball, location: 2F 2-2: Strikes out swinging
|
Top of the 9th over - 0 runs, 1 hit, 0 errors, 1 left on base; Calgary 6 - Salt Lake City 9 |
|